 Dungeon Crawl Stone Soup version 0.24.0-125-gc4c63601f3 (webtiles) character file.

Game seed: 7645505365279258569, levelgen mode: deterministic

158 LraC the Slinger (level 5, -1/35 HPs)
             Began as a Halfling Hunter on Mar 10, 2020.
             Killed from afar by Sigmund (6 damage)
             ... with a magic dart
             ... on level 2 of the Dungeon.
             The game lasted 00:06:10 (1319 turns).

LraC the Slinger (Halfling Hunter)                  Turns: 1319, Time: 00:06:10

Health: -1/35      AC:  3    Str: 13    XL:     5   Next: 66%
Magic:  5/5        EV: 15    Int: 10    God:
Gold:   88         SH:  0    Dex: 15    Spells: 4/4 levels left

rFire    . . .     SeeInvis +   k - +3 spear
rCold    . . .     Gourm    .   (shield restricted)
rNeg     . . .     Faith    .   c - +0 leather armour
rPois    .         Spirit   .   (no helmet)
rElec    .         Reflect  .   (no cloak)
rCorr    .         Harm     .   (no gloves)
MR       .....                  (no boots)
Stlth    ++........             (no amulet)
HPRegen  0.11/turn              e - ring of see invisible
MPRegen  0.09/turn              h - ring of see invisible

@: no status effects
A: small, mutation resistance 1
a: no special abilities


You were on level 2 of the Dungeon.
You were not hungry.

You visited 1 branch of the dungeon, and saw 2 of its levels.

You collected 88 gold pieces.

Inventory:

Hand Weapons
 a - a +1 hunting sling
 b - a +0 short sword
 k - a +3 spear (weapon)
 l - a +0 mace of protection
Missiles
 d - 17 sling bullets
 g - 6 stones (quivered)
 j - 2 throwing nets
Armour
 c - a +0 leather armour (worn)
Jewellery
 e - a ring of see invisible (left hand)
 h - a ring of see invisible (right hand)
Scrolls
 m - a scroll of teleportation
Potions
 i - a potion of heal wounds {unknown}
Comestibles
 f - 4 rations


   Skills:
 + Level 2.3 Fighting
 + Level 8.6 Slings
 + Level 0.9 Armour
 + Level 2.5 Dodging
 + Level 1.2 Stealth


You had 4 spell levels left.
You didn't know any spells.
Your spell library was empty.

Dungeon Overview and Level Annotations

Branches:
Dungeon (2/15)

Altars:

Annotations:
D:2 Sigmund


Innate Abilities, Weirdness & Mutations

You are small and have problems with some larger weapons.
You are somewhat resistant to further mutation.


Message History

Firing (i - inventory. (/) - cycle)
d - 19 sling bullets (quivered)
Press: ? - help, Shift-Dir - straight line, f/p - Sigmund
Aim: Sigmund, wielding a +3 vampiric scythe and wearing a +2 robe (heavily wounded)
You shoot a sling bullet.
The sling bullet closely misses Sigmund.
Firing (i - inventory. (/) - cycle)
d - 18 sling bullets (quivered)
Press: ? - help, Shift-Dir - straight line, f/p - Sigmund
Aim: Sigmund, wielding a +3 vampiric scythe and wearing a +2 robe (heavily wounded)
You shoot a sling bullet.
The sling bullet closely misses Sigmund.
Sigmund closely misses you.
Sigmund hits you with a +3 vampiric scythe.
* * * LOW HITPOINT WARNING * * *
Found 14 gold pieces.
k - a +3 spear (weapon)
You completely miss Sigmund.
Sigmund is heavily wounded.
Sigmund casts a spell at you. The magic dart hits you.
You die...

#..............
#..............
#.......##.....
#........#.....
#..............
#..............
####...........
#.(...#.....
#.@...#.....
#..@.........
#...(........
#..........$.
#.....(....
#.....(....
#..(..((...
#.......$..


You could see Sigmund.

Vanquished Creatures
  Natasha (twice) (D:2)
  4 gnolls (D:2)
  3 adders (D:2)
  An ooze (D:1)
  A leopard gecko (D:1)
  2 bats (D:1)
  2 giant cockroaches
  2 goblins
  5 hobgoblins
  8 jackals (D:1)
  3 kobolds (D:1)
  A ball python (D:1)
  2 frilled lizards (D:1)
  4 rats
40 creatures vanquished.

Notes
Turn   | Place    | Note
-------+----------+-------------------------------------------
     0 | D:1      | LraC the Halfling Hunter began the quest for the Orb.
     0 | D:1      | Reached XP level 1. HP: 14/14 MP: 1/1
    11 | D:1      | Reached skill level 6 in Slings
    94 | D:1      | Reached XP level 2. HP: 19/19 MP: 2/2
   298 | D:1      | Reached XP level 3. HP: 24/24 MP: 3/3
   346 | D:1      | Reached skill level 7 in Slings
  1092 | D:2      | Reached XP level 4. HP: 29/29 MP: 4/4
  1112 | D:2      | Reached skill level 8 in Slings
  1136 | D:2      | Reached XP level 5. HP: 18/34 MP: 5/5
  1137 | D:2      | Noticed Natasha
  1143 | D:2      | Killed Natasha
  1278 | D:2      | Noticed Natasha
  1285 | D:2      | Killed Natasha
  1300 | D:2      | Noticed Sigmund
  1319 | D:2      | Killed from afar by Sigmund

Levels and vault maps discovered:
D:1:      eino_arrival_druids_welcome, layout_basic, serial_co_window_serial,
          co_window_paths_a, co_window_of_opportunity_a,
          co_window_of_opportunity_a, co_window_paths_a,
          co_window_of_opportunity_a, co_window_of_opportunity_a,
          co_window_of_opportunity_a, co_window_corner_ca,
          co_window_of_opportunity_c, co_window_broadway_b, co_window_4corner_b,
          co_window_4corner_a, glass_columns_b, glass_columns_a
D:2:      layout_basic, tgw_xom, uniq_natasha, uniq_sigmund

Skill      XL: |  1  2  3  4 |
---------------+-------------+-----
Slings         | 6 7 8 |  8.6
Fighting       | 2 |  2.3
Armour         | |  0.9
Dodging        | |  2.5
Stealth        | |  1.2

Action                   |  1- 3 |  4- 6 || total
-------------------------+-------+-------++-------
Melee: Short sword       |     8 |     2 ||    10
       Spear             |       |     1 ||     1
 Fire: Hunting sling     |   102 |    46 ||   148
  Use: Scroll            |     6 |     1 ||     7
  Eat: Ration            |       |     1 ||     1
Armor: Leather armour    |     7 |     2 ||     9
Dodge: Dodged            |    31 |    11 ||    42
